 Dungeon Crawl Stone Soup version 0.20.0-6-gd3061e9 (webtiles) character file.

3389 skittles the Arsonist (level 9, -7/75 HPs)
             Began as a Red Draconian Fire Elementalist on May 28, 2017.
             Mangled by a death knight
             ... wielding a +0 battleaxe
              (28 damage)
             ... on level 9 of the Dungeon.
             The game lasted 00:26:07 (9277 turns).

skittles the Arsonist (DrFE)                        Turns: 9277, Time: 00:26:08

Health: -7/75      AC:  3    Str: 10    XL:     9   Next: 74%
Magic:  30/32      EV: 14    Int: 19    God:
Gold:   256        SH:  0    Dex: 12    Spells: 11/19 levels left

rFire    + . .     SeeInvis .   b - staff of power
rCold    . . .     Gourm    .   (no shield)
rNeg     . . .     Faith    .   (armour unavailable)
rPois    .         Spirit   .   (helmet restricted)
rElec    .         Reflect  .   (no cloak)
rCorr    .         Harm     .   (no gloves)
MR       .....                  (no boots)
Stlth    ++........             (no amulet)
Regen    0.3/turn               (no ring)
MPRegen  0.3/turn               (no ring)

@: corroded
A: breathe fire, unfitting armour, fire resistance 1, cold-blooded, AC +7
a: Breathe Fire


You were on level 9 of the Dungeon.
You were not hungry.

You visited 1 branch of the dungeon, and saw 8 of its levels.

You collected 256 gold pieces.

Inventory:

Hand Weapons
 a - a +2 whip of flaming
 w - a +0 glaive
 x - a +1 dagger of venom
 y - a +2 dagger of holy wrath
 z - a +1 whip of freezing
Missiles
 v - a throwing net (quivered)
Magical Staves
 b - an uncursed staff of power (weapon)
Wands
 n - a wand of polymorph (12/24)
 q - a wand of polymorph (11/24)
 r - a wand of random effects (29/48)
 u - a wand of random effects (22/48)
Scrolls
 g - 3 scrolls of amnesia
 h - 3 scrolls of identify
 i - 4 scrolls of fog
 k - 2 scrolls of recharging {unknown}
 m - 3 scrolls of remove curse {unknown}
 o - 4 scrolls of teleportation {unknown}
 t - a scroll of magic mapping {unknown}
 A - a scroll of enchant armour {unknown}
Potions
 d - a potion of lignification {unknown}
 e - 3 potions of mutation {unknown}
 f - a potion of heal wounds {unknown}
 j - 2 potions of curing
Books
 p - a book of Flames

   Spells                             Type                      Level
   a - Flame Tongue                   Conjuration/Fire             1
   b - Throw Flame                    Conjuration/Fire             2
   c - Conjure Flame                  Conjuration/Fire             3
   d - Inner Flame                    Hexes/Fire                   3
   e - Sticky Flame                   Conjuration/Fire             4
   f - Fireball                       Conjuration/Fire             5
Comestibles
 c - 2 royal jellies
 l - 3 meat rations
 s - 5 bread rations


   Skills:
 + Level 6.0 Fighting
 + Level 5.6 Dodging
 - Level 1.7 Stealth
 + Level 5.7 Spellcasting
 - Level 5.2 Conjurations
 + Level 10.2 Fire Magic


You had 11 spell levels left.
You knew the following spells:

 Your Spells              Type           Power        Failure   Level  Hunger
a - Flame Tongue          Conj/Fire      ####.        1%          1    None
b - Conjure Flame         Conj/Fire      ####....     1%          3    ##.....
c - Sticky Flame          Conj/Fire      ####....     4%          4    ####...


Dungeon Overview and Level Annotations

Branches:
Dungeon (7/15)
 Temple: D:4-7

Altars:
Kikubaaqudgha
Xom
Zin


Innate Abilities, Weirdness & Mutations

You can breathe blasts of fire.
Your fiery red scales are hard. (AC +7)
You cannot fit into any form of body armour.
Your flesh is heat resistant. (rF+)
You are cold-blooded and may be slowed by cold attacks.


Message History

Something hits you but does no damage.
Deactivating autopickup; reactivate with Ctrl-A.
The worker ant bites you. The brown ugly thing pecks you.
The acid corrodes you!
You are splashed with acid!
The acid burns!
The crimson imp misses you. The gargoyle hits you with a flail!!
A two-headed ogre and a zombie come into view.
As you read the scroll labeled LUKLEY ECROLYWI, it crumbles to dust.
It is a scroll of identify.
i - 4 scrolls of fog Something hits you!
The worker ant misses you.
The eye of draining gazes at the death knight.
You feel your power leaking away.
The brown ugly thing completely misses you.
The crimson imp barely misses you. The wyvern bites you!
* * * LOW HITPOINT WARNING * * *
Unknown command.
Okay, then.
It was a potion of curing.
You feel better.
The death knight hits you with a battleaxe!!
You die...

#. #. ..# ..
####O####
#.......#
#...a9..#
#..Zp@5.#
.....C8lu...Z.$
#.#..GOO..#....
#.......# ...
#...$O..# .
####.#### .. ##


You could see a death knight, a brown ugly thing, 3 two-headed ogres, a cyclops,
an eye of draining, a wyvern, a gargoyle, an ogre, a worker ant, a crimson imp,
a bullfrog zombie and a killer bee zombie.

Vanquished Creatures
  Pikel (D:6)
  A hippogriff (D:7)
  4 yaks (D:5)
  3 ice beasts
  2 orc warriors
  A slave (D:6)
  A hornet zombie (D:6)
  An ogre (D:6)
  2 centaurs (D:6)
  A big kobold (D:5)
  A bullfrog (D:6)
  4 scorpions
  2 vampire bats (D:4)
  2 howler monkeys
  A crimson imp (D:5)
  A hound (D:6)
  3 orc priests
  A bullfrog skeleton (D:5)
  10 orc wizards
  Ijyb (D:4)
  4 worker ants
  A hound skeleton (D:4)
  A worker ant zombie (D:6)
  3 gnolls (D:5)
  7 adders
  A shadow imp (D:6)
  An ooze (D:3)
  An adder skeleton (D:4)
  2 worms
  3 dart slugs
  4 leopard geckos
  38 orcs
  8 bats
  3 bat skeletons (D:4)
  3 bat zombies (D:4)
  5 giant cockroaches
  11 goblins
  10 hobgoblins
  13 jackals
  2 quokkas
  2 ball pythons (D:3)
  9 frilled lizards
  13 kobolds
  3 rats
191 creatures vanquished.

Vanquished Creatures (others)
  A crimson imp (D:6)
1 creature vanquished.

Grand Total: 192 creatures vanquished

Notes
Turn   | Place    | Note
-------+----------+-------------------------------------------
     0 | D:1      | skittles the Draconian Fire Elementalist began the quest for the Orb.
     0 | D:1      | Reached XP level 1. HP: 14/14 MP: 3/3
   441 | D:1      | Reached XP level 2. HP: 16/20 MP: 5/5
  1361 | D:1      | Reached XP level 3. HP: 14/26 MP: 2/6
  1918 | D:2      | Learned a level 3 spell: Conjure Flame
  2327 | D:2      | Found a shimmering altar of Xom.
  2329 | D:2      | Found a shimmering altar of Xom.
  2329 | D:2      | Found a shimmering altar of Xom.
  2329 | D:2      | Found a shimmering altar of Xom.
  2330 | D:2      | Found a shimmering altar of Xom.
  2427 | D:2      | Reached skill level 4 in Fire Magic
  2427 | D:2      | Reached XP level 4. HP: 19/33 MP: 3/7
  3374 | D:3      | Reached XP level 5. HP: 38/38 MP: 8/8
  3698 | D:3      | Reached skill level 5 in Fire Magic
  4398 | D:4      | Reached XP level 6. HP: 35/45 MP: 5/9
  4471 | D:4      | Learned a level 4 spell: Sticky Flame
  5011 | D:4      | Found a glowing silver altar of Zin.
  5273 | D:4      | Found an ancient bone altar of Kikubaaqudgha.
  5282 | D:4      | Reached skill level 5 in Conjurations
  5282 | D:4      | Reached skill level 6 in Fire Magic
  5286 | D:4      | Your scales start taking on a fiery red colour.
  5286 | D:4      | Reached skill level 7 in Fire Magic
  5286 | D:4      | Reached XP level 7. HP: 35/50 MP: 2/10
  5286 | D:4      | Gained mutation: Your flesh is heat resistant. (rF+) [Red Draconian growth]
  5411 | D:4      | Noticed Ijyb
  5417 | D:4      | Killed Ijyb
  5792 | D:5      | Entered Level 5 of the Dungeon
  5806 | D:4      | Reached skill level 1 in Fighting
  6189 | D:5      | Noticed a yak
  6189 | D:5      | Noticed a yak
  6189 | D:5      | Noticed a yak
  6189 | D:5      | Noticed a yak
  6194 | D:5      | Killed a yak
  6196 | D:5      | Killed a yak
  6196 | D:5      | Reached skill level 8 in Fire Magic
  6196 | D:5      | Reached XP level 8. HP: 49/62 MP: 6/12
  7464 | D:6      | Reached skill level 9 in Fire Magic
  7634 | D:6      | Noticed Pikel
  7726 | D:6      | Reached XP level 9. HP: 47/72 MP: 15/15
  7866 | D:6      | Killed Pikel
  7866 | D:6      | Reached skill level 5 in Fighting
  7866 | D:6      | Reached skill level 5 in Spellcasting
  8186 | D:6      | Reached skill level 5 in Dodging
  9013 | D:7      | Reached skill level 10 in Fire Magic
  9274 | D:7      | You fall through a shaft for 2 floors!
  9274 | D:9      | Noticed a death knight
  9274 | D:9      | Noticed a gargoyle
  9274 | D:9      | Noticed a cyclops
  9274 | D:9      | Noticed a brown ugly thing
  9274 | D:9      | Noticed a two-headed ogre
  9274 | D:9      | Noticed a two-headed ogre
  9276 | D:9      | Noticed a two-headed ogre
  9277 | D:9      | Mangled by a death knight

Skill      XL: |  1  2  3  4  5  6  7  8  9 |
---------------+----------------------------+-----
Conjurations   | 2 3 4 5 |  5.2
Fire Magic     | 4 5 7 8 9 10 | 10.2
Dodging        | 3 4 5 |  5.6
Fighting       | 2 4 6 |  6.0
Spellcasting   | 3 4 5 |  5.7
Stealth        | |  1.7

Action                   |  1- 3 |  4- 6 |  7- 9 || total
-------------------------+-------+-------+-------++-------
Melee: Unarmed           |    21 |       |       ||    21
       Club              |    98 |       |       ||    98
       Tailslap          |    11 |    18 |     5 ||    34
       Falchion          |    39 |    29 |       ||    68
       Dagger            |       |   139 |    50 ||   189
       Whip              |       |       |    24 ||    24
       Staff             |       |       |    18 ||    18
 Cast: Flame Tongue      |    36 |    80 |   117 ||   233
       Sticky Flame      |       |       |    26 ||    26
       Conjure Flame     |       |       |     4 ||     4
  Use: Scroll            |       |       |     2 ||     2
       Potion            |       |       |     1 ||     1
 Stab: Sleeping          |     3 |     4 |       ||     7
  Eat: Chunk             |     6 |    10 |    16 ||    32
       Royal jelly       |       |       |     1 ||     1
Armor: Skin              |    83 |    70 |    42 ||   195
Dodge: Dodged            |   156 |   161 |   107 ||   424
       Rpst.: Falchion   |    13 |     5 |       ||    18
